 Dungeon Crawl Stone Soup version 0.26-a0-1026-g544776af23 (webtiles) character file.

Game seed: 11966644079267990839

317 sahdkjhfkaj the Covert (level 6, -3/30 HPs)
             Began as a Spriggan Brigand on Dec 9, 2020.
             Slain by an orc
             ... wielding a +2 vorpal hand axe
              (4 damage)
             ... on level 5 of the Dungeon.
             The game lasted 00:02:07 (1935 turns).

sahdkjhfkaj the Covert (Spriggan Brigand)           Turns: 1935, Time: 00:02:07

Health: -3/30      AC:  3    Str:  7    XL:     6   Next: 20%
Magic:  7/7        EV: 17    Int: 12    God:
Gold:   51         SH:  0    Dex: 20    Spells: 5/5 levels left

rFire    . . .     SeeInvis +   a - +2 dagger
rCold    . . .     Faith    .   (shield restricted)
rNeg     . . .     Spirit   .   b - +0 robe
rPois    .         Reflect  .   (helmet restricted)
rElec    .         Harm     .   c - +0 cloak
rCorr    .         Rampage  .   (gloves unavailable)
Will     +....                  (boots unavailable)
Stlth    +++++.....             (no amulet)
HPRegen  0.10/turn              (no ring)
MPRegen  0.10/turn              (no ring)

@: very quick
A: very small, unfitting armour, see invisible, speed 3
a: no special abilities


You were on level 5 of the Dungeon.
You visited 1 branch of the dungeon, and saw 5 of its levels.

You collected 51 gold pieces.

Inventory:

Hand Weapons
 a - a +2 dagger (weapon)
Missiles
 d - 28 poisoned darts (quivered)
 e - 2 curare-tipped darts
Armour
 b - a +0 robe (worn)
 c - a +0 cloak (worn)
Jewellery
 m - an uncursed ring of see invisible {unknown}
Scrolls
 f - a scroll of fear {unknown}
 g - 3 scrolls of enchant armour {unknown}
 h - 3 scrolls of remove curse {unknown}
 j - 2 scrolls of blinking {unknown}
 k - a scroll of fog {unknown}
Potions
 i - a potion of heal wounds {unknown}
 l - a potion of attraction {unknown}
 n - a potion of resistance {unknown}
 o - a potion of mutation {unknown}


   Skills:
 - Level 1.5 Fighting
 - Level 2.1 Short Blades
 - Level 2.0 Throwing
 - Level 1.5 Dodging
 + Level 11.3 Stealth


You had 5 spell levels left.
You didn't know any spells.
Your spell library was empty.

Dungeon Overview and Level Annotations

Branches:
Dungeon (5/15)
 Temple: D:4-7

Altars:
Ashenzari
The Shining One

Annotations:
D:5 exclusion: 3 lemures


Innate Abilities, Weirdness & Mutations

You are very small and have problems with some larger weapons.
You are too small for most types of armour.
You have supernaturally acute eyesight. (SInv)
You cover ground extremely quickly.


Message History

You hit the orc.
The orc is severely wounded.
You hit the orc.
You kill the orc!
You hit the orc but do no damage. The orc barely misses you.
An orc comes into view. It is wielding a +2 vorpal hand axe.
You hit the orc but do no damage. You hit the orc but do no damage.
The orc misses you.
You hit the orc but do no damage. The orc barely misses you.
You hit the orc but do no damage. The orc closely misses you.
The orc hits you with a +2 vorpal hand axe!
You hit the orc but do no damage. The orc hits you with a +0 mace!
* * * LOW HITPOINT WARNING * * *
The orc misses you.
You hit the orc.
The orc is moderately wounded.
The orc hits you with a +0 mace!
* * * LOW HITPOINT WARNING * * *
The orc hits you with a +2 vorpal hand axe.
You die...

#### ..# #.. ##o##
#.# ##.@o###.#
#####.#.#.##.#
#..........#(#
#.###.#.#.##.#
##....##.#
##.#.##.###########
#.(.##.....<......
##..##..##########
#..##..#


You could see 2 orcs.

Vanquished Creatures
  An ogre (D:3)
  A howler monkey (D:4)
  An orc priest (D:3)
  A bullfrog skeleton (D:4)
  3 worker ants
  3 adders
  2 leopard geckos
  6 orcs
  A bat (D:2)
  A giant cockroach (D:1)
  2 goblins (D:2)
  2 hobgoblins
  2 jackals (D:5)
  2 quokkas (D:2)
  A ball python (D:3)
  A frilled lizard (D:2)
  3 kobolds (D:2)
  2 rats (D:2)
35 creatures vanquished.

Notes
Turn   | Place    | Note
-------+----------+-------------------------------------------
     0 | D:1      | sahdkjhfkaj the Spriggan Brigand began the quest for the
                  | Orb.
     0 | D:1      | Reached XP level 1. HP: 10/10 MP: 2/2
    22 | D:1      | Reached skill level 6 in Stealth
   117 | D:2      | Reached XP level 2. HP: 8/14 MP: 3/3
   256 | D:2      | Reached skill level 7 in Stealth
   256 | D:2      | Reached XP level 3. HP: 18/18 MP: 4/4
   336 | D:2      | Found a glowing golden altar of the Shining One.
   379 | D:2      | Reached skill level 8 in Stealth
   508 | D:3      | Reached XP level 4. HP: 12/22 MP: 5/5
   515 | D:3      | Reached skill level 9 in Stealth
   725 | D:3      | Noticed an ogre
   751 | D:3      | Killed an ogre
   752 | D:3      | Reached skill level 10 in Stealth
   752 | D:3      | Reached XP level 5. HP: 25/25 MP: 6/6
  1214 | D:4      | HP: 1/25 [bullfrog skeleton (6)]
  1217 | D:4      | Reached skill level 11 in Stealth
  1217 | D:4      | Reached XP level 6. HP: 2/30 MP: 7/7
  1572 | D:5      | Entered Level 5 of the Dungeon
  1600 | D:5      | Found a broken altar of Ashenzari.
  1935 | D:5      | HP: 1/30 [orc/+0 mace (7)]
  1935 | D:5      | Slain by an orc

Illustrated notes

Levels and vault maps discovered:
D:1:      minmay_arrival_wavy_path, layout_basic
D:2:      layout_basic, lemuel_crystal_altar
D:3:      layout_basic, overflow_temple_1_default, doesnt_xom_only_xom,
          uniq_grinder, uniq_crazy_yiuf_cottage
D:4:      layout_gridville, grunt_dithmenos_smoke, serial_shops,
          nicolae_shop_stone, kennysheep_crisscross
D:5:      layout_loops_ring, ashenzari_conservatory_becter,
          lemuel_crystal_altar, minmay_temple_entry_gardened_gates,
          minmay_misc_feat_x, uniq_pikel

Skill      XL: |  1  2  3  4  5 |
---------------+----------------+-----
Stealth        | 6 7 8 10 11 | 11.3
Fighting       | |  1.5
Short Blades   | |  2.1
Throwing       | |  2.0
Dodging        | |  1.5

Action                   |  1- 3 |  4- 6 || total
-------------------------+-------+-------++-------
Melee: Dagger            |    40 |    89 ||   129
Throw: Dart              |     5 |     6 ||    11
  Use: Potion            |       |     1 ||     1
 Stab: Sleeping          |     6 |     5 ||    11
Armor: Robe              |     8 |     8 ||    16
Dodge: Dodged            |    18 |    57 ||    75

Table legend: (Time is in decaauts)
 A = Elapsed time spent in this place.
 B = Non-inter-level travel time spent in this place.
 C = Inter-level travel time spent in this place.
 D = Time resting spent in this place.
 E = Time spent auto-exploring this place.
 F = Levels seen in this place.
 G = Mean time per level.
                   A        B        C        D        E       F      G
               +--------+--------+--------+--------+--------+-----+--------+
         Total |   1647 |   1638 |      9 |     61 |   1300 |   5 |  329.4 |
       Dungeon |   1647 |   1638 |      9 |     61 |   1300 |   5 |  329.4 |
               +--------+--------+--------+--------+--------+-----+--------+

Top non-repeatable levels by time:
     D:4: 706 daAuts
     D:5: 322 daAuts
     D:2: 294 daAuts
     D:3: 258 daAuts
     D:1: 64 daAuts
